AoeStats
← federico.parolin

Arabia

509992352Analyzed
1v1 RM · 3d ago on Sep 28, 2026· 52m 50s· 2 players
Game mode
Random Map
Map size
Tiny (2 player)
Population
200
Speed
Normal
Resources
Standard
Victory
Conquest
Starting age
Dark Age
Ending age
Imperial Age
RankedLock teamsTeams togetherTeam positionsShared explorationLock speedFull tech treeHidden civsTurbo modeCheats
Victory
Defeat
🇦🇷 Franks · Argentina
1062
+18
🇹🇼 Varangians · Taiwan
1095
-18
federico.parolin
6:20 Loom
9:17 Feudal Age
10:34 Double-Bit Axe
10:41 Gold Mining
19:42 Wheelbarrow
21:18 Castle Age
20:31 Stone Mining
23:52 Wheelbarrow
26:25 Imperial Age
26:01 Scale Barding Armor
29:06 Ballistics
31:02 Forging
30:48 Fletching
31:37 Ordonnance Companies
32:57 Hand Cart
35:42 Town Watch
35:26 Elite Throwing Axeman
38:09 Chemistry
37:39 Bow Saw
38:54 Iron Casting
38:22 Scale Mail Armor
40:29 Chain Barding Armor
41:11 Blast Furnace
40:01 Cavalier
40:42 Husbandry
43:11 Gold Shaft Mining
50:32 Plate Barding Armor
50:13 Chain Mail Armor
49:53 Bodkin Arrow
White_Tsai
9:02 Feudal Age
8:17 Loom
10:29 Double-Bit Axe
12:09 Bloodlines
15:22 Scale Barding Armor
22:24 Castle Age
20:57 Scale Mail Armor
22:12 Wheelbarrow
22:56 Forging
23:23 Squires
24:06 Chain Mail Armor
24:46 Bow Saw
25:03 Arson
28:58 Hand Cart
28:26 Pikeman
29:28 Town Watch
30:06 Gold Mining
30:00 Horse Collar
34:07 Iron Casting
33:56 Town Patrol
38:44 Imperial Age
36:16 Fletching
37:49 Ballistics
37:39 Masonry
38:59 Heavy Plow
39:44 Siege Engineers
39:36 Halberdier
41:38 Gambesons
42:42 Elite Varangian Guard
44:26 Conscription
44:56 Gothikon
47:56 Blast Furnace
47:01 Scale Barding Armor
46:30 Light Cavalry
46:34 Cavalier
47:16 Husbandry
48:02 Hussar
49:06 Bodkin Arrow
Connection lost

Rejoining the realm…

Still unreachable

The connection could not be restored.

Session expired

The server has moved on; the page needs a fresh start.